Unix NetHack Version 3.7.0-102 Work-in-progress - last build Apr 7 2024 00:22:53 (d302a6a9ff6341f1a922d8f5af178406b35fdf99,branch:master). Game began 2024-04-19 21:39:28, ended 2024-04-20 00:18:48. Zega, lawful female human Samurai ---------- |........| ----- |........| --------- |..!| |........| |...^...+ |...| #.........-############........| --------+--- |...| #|........| #|....T..-) |..........-# |..<| #---|------ #|.......|# #-..........|# |...| ## # #---------% #|..........|# ---.- # ### # #------------### ### # ## # ## # ## # # # # # ## ## # # # # # ------# ---- # [ # #----|---------- |.>..|# |... # ### ## #|..%..........| |..)..# .$$$$.# #--------# #|.............| |....| |$$$$ #|......|# #..............| ------ ----- #-%.....|# --------------- |.^.....# -------- Zega the Kunoichi St:11 Dx:14 Co:16 In:11 Wi:10 Ch:6 Lawful S:34397 Dlvl:13 $:3375 HP:0(73) Pw:28(28) AC:-4 Xp:8/1660 T:10814 Latest messages: The Uruk-hai wields an orcish short sword! You hit the Uruk-hai! The Uruk-hai thrusts her orcish short sword. The Uruk-hai misses! You kill the Uruk-hai! There are several objects here. Where do you want to travel to? (For instructions type a '?') You hit the Uruk-hai! You kill the Uruk-hai! $ - 3193 gold pieces (3375 in total). You hit the Uruk-hai! You kill the Uruk-hai! o - a sky blue potion. Where do you want to travel to? (For instructions type a '?') You climb up the stairs. You again sense Lord Sato pleading for help. You see here an empty unlocked large box. You see here an empty unlocked large box. The rock troll bashes with his partisan. The rock troll hits! The rock troll misses! The rock troll bites! You miss the rock troll. The rock troll bashes with his partisan. The rock troll just misses! The rock troll misses! The rock troll bites! You hit the rock troll! The rock troll bashes with his partisan. The rock troll hits! The rock troll hits! The rock troll bites! You miss the rock troll. The rock troll bashes with his partisan. The rock troll hits! The rock troll just misses! The rock troll misses! What do you want to zap? [afjpruCG or ?*] u In what direction? > You dig a hole through the ground. You fall through... You remember this level as coins and vault and leps 2. The rock troll bashes with his partisan. The rock troll hits! The rock troll misses! The rock troll bites! You die... Do you want your possessions identified? [ynq] (y) q Inventory: Coins $ - 3375 gold pieces Amulets Y - an uncursed amulet of flying I - an uncursed amulet of reflection (being worn) Weapons w - the blessed rustproof +0 Excalibur (weapon in right hand) Armor H - an uncursed +0 orcish helm (being worn) F - an uncursed burnt +0 pair of yugake (being worn) c - a blessed rusty +2 pair of iron shoes (being worn) K - an uncursed +0 dwarvish cloak (being worn) T - an uncursed +0 Hawaiian shirt with a palm tree motif J - a cursed +0 dwarvish mithril-coat (being worn) Comestibles x - an uncursed cream pie X - an uncursed fortune cookie i - 2 uncursed gunyoki Z - 2 uncursed pancakes h - an uncursed lizard corpse Potions o - an uncursed potion of acid Rings s - an uncursed ring of invisibility (on right hand) n - a cursed ring of polymorph U - an uncursed ring of protection from shape changers m - an uncursed ring of see invisible N - an uncursed ring of see invisible W - an uncursed ring of shock resistance t - an uncursed ring of stealth (on left hand) Wands f - a wand of digging (0:6) u - a wand of digging (0:3) r - a cursed wand of digging (0:4) p - a wand of light (0:12) j - a wand of slow monster (0:0) a - a wand of speed monster (0:3) C - a wand of speed monster (0:3) G - a wand of striking (0:3) Tools b - an uncursed blindfold l - an uncursed magic lamp (lit) q - an uncursed skeleton key z - a +0 unicorn horn Gems/Stones Q - an uncursed worthless piece of blue glass L - 2 uncursed worthless pieces of violet glass Zega the Samurai's attributes: Background: You were a Kunoichi, a level 8 female human Samurai. You were lawful, on a mission for Amaterasu Omikami who was opposed by Raijin (neutral) and Susanowo (chaotic). You were right-handed. You were in the Dungeons of Doom, on level 13. You entered the dungeon 10814 turns ago. It was the midnight hour. You had 1660 experience points, 900 more were needed to attain level 9. Your score was 34397 before end-of-game adjustments. Basics: You had 0 out of 73 hit points. You had all 28 energy points (spell power). Your armor class was -4. Your wallet contained 3375 zorkmids. Autopickup was on for '$"=/!?' plus thrown. Final Characteristics: Your strength was 11 (peak:15, limit:18/100). Your dexterity was 14 (limit:18). Your constitution was 16 (limit:18). Your intelligence was 11 (limit:18). Your wisdom was 10 (limit:18). Your charisma was 6 (limit:18). Final Status: You weren't hungry. You were unencumbered. You were wielding a long sword. You had expert skill with long sword. Final Attributes: You were piously aligned. Your items were somewhat protected from fire. Your items were somewhat protected from cold. You were level-drain resistant. You had automatic searching. You were invisible. You were stealthy. You had a small defense bonus (+4). You were guarded. You were fast. You had reflection. You are dead. Miscellaneous: You disabled loading of bones levels. Total elapsed playing time was 2 hours, 39 minutes and 19 seconds. Major events: Turn 1: Zega the lawful female human Samurai entered the dungeon 904: entered the Gnomish Mines 920: attained the rank of Ronin (level 3) 1348: entered Sokoban 1990: reached Mine Town 2039: attained the rank of Kunoichi (level 6) 2889: completed 1st Sokoban level 3667: completed 2nd Sokoban level 4104: completed 3rd Sokoban level 5238: entered the Bigroom 6921: completed 4th Sokoban level 7810: acquired the Sokoban amulet of reflection 7981: received Excalibur from a strange woman laying about in a pond 9133: attained the rank of Joshu (level 10) 10814: killed by a rock troll Vanquished creatures: 2 giant mimics an ogre tyrant a stalker a giant zombie 3 wargs 3 small mimics a quantum mechanic 5 trolls 2 pyrolisks a large dog a freezing sphere a flaming sphere a large cat a tiger a dwarf ruler 2 ochre jellies an elf mummy a human mummy a python a wraith 3 Grey-elves an amorous demon a chameleon 5 giant beetles 5 quivering blobs a cockatrice 5 wolves 6 winter wolf cubs a lynx a panther 2 gremlins 7 leprechauns a giant spider 4 scorpions a horse an ice vortex 3 black lights 2 vampire bats a gnome ruler a dwarf mummy an ogre a rust monster 3 owlbears 2 yetis a gold golem a werewolf 3 Green-elves a lizard a dingo a housecat a gray unicorn 2 black unicorns 2 dust vortices a plains centaur a snake 7 soldier ants a fire ant 14 bugbears 2 imps a quasit 4 wood nymphs 2 water nymphs 2 mountain nymphs 5 Mordor orcs 3 Uruk-hai a rock piercer 4 ponies 2 fog clouds 4 yellow lights 4 shriekers a violet fungus 12 gnome leaders 3 gnomish wizards a kobold mummy 4 gray oozes 2 barrow wights 6 elf zombies 2 straw golems 8 giant ants 2 floating eyes a kitten 4 dwarves 2 homunculi 4 kobold shamans a hill orc a rothe a centipede a giant bat a dwarf zombie 2 werejackals 4 iguanas an acid blob 4 coyotes 2 gas spores 6 manes 3 large kobolds 16 hobgoblins 3 giant rats 4 cave spiders 2 red molds 25 gnomes 3 garter snakes a gnome zombie 6 geckos 10 jackals 3 foxes 3 kobolds 4 goblins 5 sewer rats 5 grid bugs 4 bats a lichen 2 kobold zombies 5 newts 342 creatures vanquished. No species were genocided or became extinct. Voluntary challenges: You followed a strict vegan diet. You read items or engraved 20 times. You engraved Elbereth 8 times. You never genocided any monsters. You never polymorphed an object. You never changed form. You used no wishes. You did not violate any of the special Sokoban rules. Achievements: You entered the Gnomish Mines. You attained the rank of Ronin. You entered a shop. You entered Sokoban. You entered Minetown. You entered a temple. You attained the rank of Kunoichi. You entered the Big Room. You completed Sokoban. You attained the rank of Joshu. The Dungeons of Doom: levels 1 to 14 Level 1: Level 2: Many fountains. Level 3: Level 4: A fountain. Stairs down to The Gnomish Mines. Level 5: Many fountains. Oracle of Delphi. Level 6: Stairs up to Sokoban, level 5. Level 7: Level 8: "v1" A fountain. Level 9: A fountain. Level 10: Many trees. A very big room. Level 11: Level 12: A sink. Summoned by Lord Sato. Level 13: "coins and vault and leps 2" <- You were here. Final resting place for you, killed by a rock troll. Level 14: The Gnomish Mines: levels 5 to 7 Level 5: Level 6: Level 7: A temple and an altar, some fountains. Sokoban: levels 5 up to 2 Level 2: Solved. Level 3: Solved. Level 4: Solved. Level 5: Solved. Game over: ---------- / \ / REST \ / IN \ / PEACE \ / \ | Zega | | 3375 Au | | killed by a rock | | troll | | | | | | 2024 | *| * * * | * _________)/\\_//(\/(/\)/\//\/|_)_______ Sayonara Zega the Samurai... You died in The Dungeons of Doom on dungeon level 13 with 34060 points, and 3375 pieces of gold, after 10814 moves. You were level 8 with a maximum of 73 hit points when you died.